 Dungeon Crawl Stone Soup version 0.20-a0-1043-gbd57889 (webtiles) character file.

16550 zhorgal the Grappler (level 12, -1/148 HPs)
             Began as a Troll Earth Elementalist on Apr 24, 2017.
             Was a High Priest of Hepliaklqana.
             Slain by a blink frog (8 damage)
             ... on level 2 of the Lair of Beasts.
             The game lasted 00:45:16 (9597 turns).

zhorgal the Grappler (Troll Earth Elementalist)     Turns: 9597, Time: 00:45:17

Health: -1/148     AC: 11    Str: 24    XL:     12   Next: 11%
Magic:  15/15      EV: 11    Int: 15    God:    Hepliaklqana [*****.]
Gold:   633        SH:  0    Dex: 10    Spells: 12/13 levels left

rFire    . . .     SeeInvis .     - Unarmed
rCold    . . .     Gourm    +   (no shield)
rNeg     . . .     Faith    .   D - +0 troll leather armour {Purgy}
rPois    +         Spirit   .   k - +2 hat
rElec    .         Reflect  .   (no cloak)
rCorr    .         Harm     .   (gloves unavailable)
MR       .....                  (boots unavailable)
Stlth    ..........             (no amulet)
Regen    1.2/turn               o - +2 ring of protection
MPRegen  0.2/turn               W - ring of poison resistance

@: berserking (expiring), very quick
A: unfitting armour, reduced essence, claws 3, fast metabolism 3, gourmand,
regeneration 1, shaggy fur 1, tough skin 2
a: Recall Ancestor, Ancestor Identity, Transference, Idealise, Renounce Religion


You were on level 2 of the Lair of Beasts.
You worshipped Hepliaklqana.
Hepliaklqana was extremely pleased with you.
You were not hungry.

You visited 2 branches of the dungeon, and saw 12 of its levels.
You also visited: Sewer.

You collected 867 gold pieces.
You spent 234 gold pieces at shops.

Inventory:

Hand Weapons
 l - a +0 blowgun
 p - a +2 mace of crushing
 q - a +0 hunting sling
 y - a +1 whip of electrocution
 C - a +2 trident of piercing
 I - a +2 mace of distortion
 J - a +2 quarterstaff of chaos
Missiles
 b - 561 stones (quivered)
 h - 7 tomahawks of returning
 r - 69 sling bullets
 u - 5 silver tomahawks
 v - 4 curare-tipped needles
 N - 10 large rocks
 R - 3 tomahawks
Armour
 k - a +2 hat (worn)
 D - a +0 troll leather armour (worn) {Purgy}
 H - a +0 cloak
 M - a +0 troll leather armour
 S - a +1 robe of magic resistance
Magical Staves
 L - an uncursed staff of cold
Jewellery
 o - a +2 ring of protection (left claw)
 t - an uncursed ring of protection from fire
 W - a ring of poison resistance (right claw)
Wands
 E - a wand of iceblast (10/15)
 K - a wand of iceblast (5/15)
 Q - a wand of random effects (18/48)
Scrolls
 f - a scroll of immolation
 i - 9 scrolls of teleportation
 j - 13 scrolls of identify
 m - a scroll of recharging
 n - 4 scrolls of remove curse
 x - 3 scrolls of amnesia {unknown}
 z - 4 scrolls of magic mapping
 B - a scroll of fog
 F - 2 scrolls of acquirement {unknown}
 O - a scroll of silence {unknown}
 Y - 2 scrolls of blinking
Potions
 c - 3 potions of heal wounds
 s - 3 potions of curing
 G - a potion of flight {unknown}
 P - a potion of haste
 T - a potion of cancellation {unknown}
 U - a potion of invisibility {unknown}
 V - a potion of degeneration {unknown}
 X - a potion of might {unknown}
Books
 e - a book of Geomancy

   Spells                             Type                      Level
   a - Sandblast                      Earth                        1
   b - Passwall                       Transmutation/Earth          2
   c - Stone Arrow                    Conjuration/Earth            3
   d - Petrify                        Transmutation/Earth          4
   e - Lee's Rapid Deconstruction     Earth                        5
Comestibles
 a - 5 fruits
 d - 10 bread rations
 g - 9 meat rations
 w - 9 royal jellies


   Skills:
 + Level 5.5 Fighting
 + Level 6.0 Throwing
 + Level 5.7 Dodging
 - Level 1.0 Stealth
 * Level 13.2 Unarmed Combat
 - Level 1.2 Spellcasting
   Level 0.6 Transmutations
 - Level 2.6 Earth Magic
 + Level 5.4 Invocations
 + Level 4.8 Evocations


You had 12 spell levels left.
You knew the following spells:

 Your Spells              Type           Power        Failure   Level  Hunger
a - Sandblast             Erth           #.....       9%          1    ##.....


Dungeon Overview and Level Annotations

Branches:
Dungeon (10/15)            Temple (0/1) D:5            Lair (2/6) D:10
    Orc (0/2) D:9
  Swamp: Lair:2-4    Shoals: Lair:2-4     Snake: Lair:2-4    Spider: Lair:2-4

Altars:
Ashenzari
Cheibriados
Elyvilon
Gozag
Hepliaklqana
Kikubaaqudgha
Nemelex Xobeh
Qazlal
Trog
Uskayaw
Vehumet
Yredelemnul
Zin

Shops:
D:9 !


Innate Abilities, Weirdness & Mutations

You are too large for most types of armour.
You have claws for hands.
Your metabolism is lightning-fast.
You like to eat raw meat.
Your natural rate of healing is unusually fast.
You are covered in fur. (AC +1)
You have very tough skin. (AC +2)
Your life essence is reduced. (-10% HP)


Message History

The blink frog blinks!
You mangle the polar bear!!
The polar bear is heavily wounded.
You eviscerate the polar bear!!!
You kill the polar bear!
Your Throwing skill increases to level 6!
You claw the blink frog! Your claw misses the blink frog.
The blink frog is severely wounded.
The blink frog hits you!
* * * LOW HITPOINT WARNING * * *
You claw the blink frog!
The blink frog is almost dead.
You closely miss the blink frog.
The blink frog is almost dead.
The blink frog blinks!
The blink frog hits you but does no damage.
You miss the blink frog.
The blink frog is almost dead.
The blink frog hits you!
You die...

#### ##### ###
.###P.###.#.####.#####
..............#.#....###
..............†..§.....##
..............#...#F....##
..............####.......#
..........F..####........#
..............#.#........#
...........#.###@.......##
...........####F.F.....##
.........###..........#
.............##
.#.#.........#
P..###.......#
.....PP....### ..
..........##
.#.P#....P##..#.#


You could see 3 blink frogs.

Vanquished Creatures
  4 two-headed ogres
  Nergalle (Lair:2)
  A cyclops (D:8)
  A spiny frog (Lair:1)
  A komodo dragon (Lair:2)
  A troll (D:8)
  2 polar bears (Lair:2)
  Prince Ribbit (D:7)
  10 blink frogs
  3 hippogriffs
  3 yaks (Lair:1)
  3 hogs (D:8)
  A human (D:8)
  A steam dragon (D:10)
  A wyvern (Lair:1)
  A hungry ghost (D:9)
  2 water moccasins
  2 porcupines (Lair:1)
  2 orc warriors (D:8)
  Purgy (Sewer)
  3 phantoms
  3 sky beasts
  6 ogres
  7 centaurs
  2 crocodiles
  6 big kobolds
  5 bullfrogs
  A wyvern zombie (D:6)
  3 scorpions
  23 killer bees
  An electric eel (D:6)
  3 howler monkeys
  A crimson imp (D:8)
  A centaur zombie (D:5)
  5 hounds
  6 orc priests
  Crazy Yiuf (D:7)
  A jelly (D:8)
  4 iguanas
  Natasha (thrice) (D:3)
  11 orc wizards
  5 worker ants
  A killer bee zombie (D:6)
  A howler monkey zombie (D:9)
  7 adders
  9 gnolls
  A howler monkey skeleton (D:3)
  2 shadow imps
  2 dart slugs (D:1)
  A worm (D:5)
  5 leopard geckos
  30 orcs
  10 bats
  5 giant cockroaches
  5 hobgoblins
  9 jackals
  12 quokkas
  A ball python (D:3)
  4 frilled lizards
  6 goblins
  39 kobolds
  A leopard gecko skeleton (D:7)
  A quokka skeleton (D:3)
  A quokka zombie (D:7)
  3 rats
299 creatures vanquished.

Vanquished Creatures (collateral kills)
  A hydra (Lair:1)
  A polar bear (Lair:2)
  A hornet (D:10)
  A hog (D:8)
  2 ogres (D:10)
  A phantom (D:9)
  A crocodile (Lair:1)
  A bullfrog (D:10)
  A scorpion (D:9)
  3 killer bees
  2 electric eels (D:6)
  3 hounds
  An orc priest (D:7)
  An iguana (D:7)
  A worker ant (D:5)
  A gnoll (D:6)
  2 adders
  8 orcs
  A giant cockroach (D:5)
  6 kobolds
  3 bats
  A frilled lizard (D:3)
  A rat (D:3)
44 creatures vanquished.

Vanquished Creatures (others)
  9 hexers
  2 ancestors (D:3)
  A fungus (Lair:2)
  14 plants
26 creatures vanquished.

Grand Total: 369 creatures vanquished

Notes
Turn   | Place    | Note
-------+----------+-------------------------------------------
     0 | D:1      | zhorgal the Troll Earth Elementalist began the quest for the Orb.
     0 | D:1      | Reached XP level 1. HP: 16/16 MP: 1/1
    37 | D:1      | Reached skill level 1 in Unarmed Combat
   209 | D:1      | Reached XP level 2. HP: 21/24 MP: 2/2
   342 | D:1      | Reached skill level 2 in Unarmed Combat
   583 | D:2      | Reached XP level 3. HP: 22/31 MP: 3/3
   702 | D:2      | Found a faded altar of an unknown god.
   708 | D:2      | Reached skill level 3 in Unarmed Combat
   721 | D:2      | Became a worshipper of Hepliaklqana the Forgotten
   721 | D:2      | Reached * piety under Hepliaklqana
  1229 | D:3      | Reached XP level 4. HP: 35/35 MP: 4/4
  1308 | D:2      | Reached skill level 4 in Unarmed Combat
  1383 | D:3      | Reached ** piety under Hepliaklqana
  1384 | D:3      | Remembered your ancestor Hrothgar as a hexer
  1469 | D:3      | Noticed Natasha
  1478 | D:3      | Killed Natasha
  1532 | D:3      | Noticed Natasha
  1539 | D:3      | Killed Natasha
  1539 | D:3      | Reached XP level 5. HP: 33/40 MP: 5/5
  1564 | D:3      | Reached skill level 5 in Unarmed Combat
  1880 | D:3      | Noticed Natasha
  1884 | D:3      | Killed Natasha
  2178 | D:4      | Reached skill level 6 in Unarmed Combat
  2178 | D:4      | Reached XP level 6. HP: 34/47 MP: 6/6
  2207 | D:4      | Found a snail-covered altar of Cheibriados.
  2297 | D:4      | Found a bloodstained altar of Trog.
  2419 | D:4      | Reached skill level 7 in Unarmed Combat
  2419 | D:4      | Reached XP level 7. HP: 13/53 MP: 7/7
  2423 | D:4      | Reached *** piety under Hepliaklqana
  2613 | D:4      | Found a hide-covered altar of Uskayaw.
  2613 | D:4      | Found a basalt altar of Yredelemnul.
  2615 | D:4      | Found a shattered altar of Ashenzari.
  2662 | D:5      | Entered Level 5 of the Dungeon
  2715 | D:5      | Found a glowing drain.
  2767 | Sewer    | Entered a sewer
  2794 | Sewer    | Noticed Purgy
  2802 | Sewer    | Killed Purgy
  2925 | D:5      | Reached skill level 8 in Unarmed Combat
  2983 | D:5      | Found an opulent altar of Gozag.
  3050 | D:5      | Reached skill level 9 in Unarmed Combat
  3050 | D:5      | Reached XP level 8. HP: 53/60 MP: 8/8
  3311 | D:5      | Found a staircase to the Ecumenical Temple.
  3424 | D:6      | Reached skill level 10 in Unarmed Combat
  3504 | D:6      | HP: 1/60 [electric eel/bolt of electricity (14)]
  3599 | D:6      | Reached skill level 1 in Throwing
  3633 | D:6      | Reached skill level 1 in Invocations
  3636 | D:6      | Reached skill level 1 in Fighting
  3652 | D:6      | Reached skill level 1 in Evocations
  3699 | D:6      | Reached **** piety under Hepliaklqana
  3786 | D:6      | Found a radiant altar of Vehumet.
  4124 | D:6      | Reached XP level 9. HP: 65/68 MP: 9/9
  4756 | D:7      | Noticed Prince Ribbit
  4761 | D:7      | Killed Prince Ribbit
  4861 | D:7      | Found a sparkling altar of Nemelex Xobeh.
  4956 | D:7      | Reached skill level 11 in Unarmed Combat
  5274 | D:7      | Found a runed door.
  5278 | D:7      | Noticed Crazy Yiuf
  5283 | D:7      | Killed Crazy Yiuf
  5402 | D:8      | Noticed a two-headed ogre
  5414 | D:8      | Killed a two-headed ogre
  5414 | D:8      | Reached XP level 10. HP: 80/80 MP: 11/11
  5531 | D:8      | Found a stormy altar of Qazlal.
  5737 | D:8      | Reached ***** piety under Hepliaklqana
  5842 | D:8      | Noticed a cyclops
  5883 | D:8      | Noticed a two-headed ogre
  5884 | D:8      | Killed a cyclops
  5896 | D:8      | Killed a two-headed ogre
  5896 | D:8      | Reached skill level 12 in Unarmed Combat
  6485 | D:9      | Found Yfawil's Distillery.
  6493 | D:9      | Bought a potion of curing for 39 gold pieces
  6493 | D:9      | Bought a potion of haste for 130 gold pieces
  6493 | D:9      | Bought a potion of heal wounds for 65 gold pieces
  6548 | D:9      | Noticed a two-headed ogre
  6560 | D:9      | Killed a two-headed ogre
  6560 | D:9      | Reached XP level 11. HP: 29/90 MP: 13/13
  6716 | D:9      | Found a staircase to the Orcish Mines.
  6856 | D:9      | Found a white marble altar of Elyvilon.
  7008 | D:9      | Noticed a two-headed ogre
  7022 | D:9      | Killed a two-headed ogre
  7022 | D:9      | Reached skill level 5 in Throwing
  7106 | D:9      | Found a glowing silver altar of Zin.
  7108 | D:9      | Found an ancient bone altar of Kikubaaqudgha.
  7367 | D:10     | Entered Level 10 of the Dungeon
  7378 | D:10     | Found a staircase to the Lair.
  7745 | Lair:1   | Entered Level 1 of the Lair of Beasts
  7761 | D:10     | Reached skill level 5 in Dodging
  8366 | Lair:1   | Reached skill level 5 in Fighting
  8886 | Lair:2   | Noticed a six-headed hydra
  8914 | Lair:1   | Reached skill level 5 in Invocations
  8979 | Lair:1   | Killed a six-headed hydra
  9235 | Lair:2   | Reached skill level 13 in Unarmed Combat
  9294 | Lair:2   | Noticed Nergalle
  9304 | Lair:2   | Killed Nergalle
  9364 | Lair:2   | Reached XP level 12. HP: 95/99 MP: 14/14
  9593 | Lair:2   | HP: 5/148 [blink frog (14)]
  9597 | Lair:2   | Slain by a blink frog

Vault maps used:
D:1:      onia_arrival_pyramid
D:2:      first_bread, chequers_ecumenical_altar_island
D:3:      kennysheep_cross_bottleneck, uniq_natasha
D:4:      lemuel_crystal_altar, nicolae_overflow_crystal_walls,
          nicolae_overflow_hidden_temple
D:5:      minmay_temple_entry_poolview, gup_sewer_entry_glass, basic_altar
D:6:      minmay_goblin_kobold_castle, marbit_many_paths
D:7:      nemelex_xobeh_ov_fountains_minmay, minmay_lizard_king,
          uniq_crazy_yiuf_cottage, uniq_prince_ribbit1
D:8:      basic_altar, grunt_livestock, sigmund_army
D:9:      lemuel_coloured_pillars_altar, gammafunk_temple_overflow_pools,
          orc_0_dummy, serial_shops, shop_fountains, serial_glass,
          glass_columns_a, glass_columns_c, item_on_display_a, feat_on_display
D:10:     lair_entry_dummy, serial_glass, glass_columns_b, glass_columns_b,
          due_unseen_surprise, feat_on_display, feat_on_display
Lair:2:   wad_woods_minihive, spider_nest_entry_a, cheibrodos_lair_lostbears,
          uniq_nergalle, uniq_fannar, uniq_gastronok
Sewer:    sewer_big_baddie

Skill      XL: |  1  2  3  4  5  6  7  8  9 10 11 12 |
---------------+-------------------------------------+-----
Unarmed Combat | 1 2 3 4 6 7 9 10 11 12 13 | 13.2
Throwing       | 2 3 4 5 6 |  6.0
Dodging        | 2 3 4 5 |  5.7
Invocations    | 1 3 4 5 |  5.4
Fighting       | 1 2 4 5 |  5.5
Evocations     | 1 2 3 4 |  4.8
Stealth        | |  1.0
Spellcasting   | |  1.2
Transmutations | |  0.6
Earth Magic    | |  2.6

Action                   |  1- 3 |  4- 6 |  7- 9 | 10-12 || total
-------------------------+-------+-------+-------+-------++-------
Melee: Unarmed           |   114 |   107 |   335 |   456 ||  1012
       Punch             |       |     2 |     9 |    20 ||    31
       Mace              |       |       |       |     6 ||     6
Throw: Stone             |       |     2 |     3 |       ||     5
 Cast: Sandblast         |       |       |       |     4 ||     4
Invok: Ancestor Life: He |       |     1 |       |       ||     1
  Use: Scroll            |       |       |    10 |       ||    10
       Potion            |       |       |     4 |     1 ||     5
 Stab: Distracted        |       |     2 |     2 |     4 ||     8
       Confused          |       |     1 |     2 |     2 ||     5
  Eat: Chunk             |    17 |    11 |    26 |    34 ||    88
Armor: Robe              |    50 |    26 |    13 |       ||    89
       Troll leather arm |       |       |   132 |   183 ||   315
Dodge: Dodged            |    83 |    50 |   176 |   302 ||   611
